 Dungeon Crawl Stone Soup version 0.21-a0-88-g13b9641 (webtiles) character file.

166 Kidiri the Insei (level 5, -9/38 HPs)
             Began as a Demonspawn Transmuter on June 27, 2017.
             Mangled by an ogre
             ... wielding a cursed -1 giant spiked club
              (23 damage)
             ... on level 3 of the Dungeon.
             The game lasted 00:08:50 (3689 turns).

Kidiri the Insei (Demonspawn Transmuter)            Turns: 3689, Time: 00:08:51

Health: -9/38      AC:  2    Str: 10    XL:     5   Next: 22%
Magic:  3/8        EV: 20    Int: 10    God:
Gold:   102        SH:  0    Dex: 19    Spells: 2/8 levels left

rFire    . . .     SeeInvis .     - Unarmed
rCold    . . .     Gourm    .   (shield currently unavailable)
rNeg     . . .     Faith    +   (armour currently unavailable)
rPois    x         Spirit   .   (helmet currently unavailable)
rElec    .         Reflect  .   (cloak currently unavailable)
rCorr    .         Harm     .   (gloves currently unavailable)
MR       .....                  (boots currently unavailable)
Stlth    +.........             f - amulet of faith
HPRegen  0.12/turn              k - -5 ring of intelligence (curse)
MPRegen  0.11/turn              m - ring of loudness (curse)

@: spider-form (expiring), very slightly contaminated
A: no striking features
a: End Transformation


You were on level 3 of the Dungeon.
You were not hungry.
You were a venomous arachnid creature.
You visited 1 branch of the dungeon, and saw 3 of its levels.

You collected 102 gold pieces.

Inventory:

Missiles
 a - 77 arrows
Armour
 b - a +2 robe (melded)
 e - a +0 pair of boots (melded)
Jewellery
 f - an amulet of faith (around neck)
 k - a cursed -5 ring of intelligence (left front leg)
 l - an uncursed ring of stealth
 m - a cursed ring of loudness (right front leg)
Wands
 o - a wand of clouds (6/9)
Scrolls
 g - a scroll of teleportation
 j - a scroll of fear
Potions
 n - a potion of resistance
 q - a potion of haste {unknown}
Books
 c - a book of Changes

   Spells                             Type                      Level
   a - Beastly Appendage              Transmutation                1
   b - Sticks to Snakes               Transmutation                2
   c - Spider Form                    Transmutation/Poison         3
   d - Ice Form                       Ice/Transmutation            4
   e - Blade Hands                    Transmutation                5
Comestibles
 d - 3 bread rations
 h - a meat ration
 i - 2 chunks of flesh


   Skills:
 + Level 1.7 Fighting
 + Level 2.2 Dodging
 * Level 3.6 Unarmed Combat
 + Level 2.3 Spellcasting
 * Level 3.2 Transmutations
 + Level 1.2 Poison Magic


You had 2 spell levels left.
You knew the following spells:

 Your Spells              Type           Power        Failure   Level  Hunger
a - Beastly Appendage     Tmut           #.....       22%         1    ##.....
b - Sticks to Snakes      Tmut           #.......     28%         2    ###....
c - Spider Form           Tmut/Pois      #.........   58%         3    ####...


Dungeon Overview and Level Annotations

Branches:
Dungeon (3/15)

Altars:
Xom
Yredelemnul


Innate Abilities, Weirdness & Mutations

((You have very sharp fingernails.))


Message History

Confirm with . or Enter, or press ? or * to list all spells.
You turn into a venomous arachnid creature.
Your +0 pair of boots melds into your body.
Your +2 robe melds into your body.
The ogre hits you with a giant spiked club!!
Ouch! That really hurt!
You hit the ogre but do no damage.
The ogre is poisoned.
The ogre barely misses you.
Unknown command.
Your transformation is almost over.
Unknown command.
The ogre misses you.
Unknown command.
You hit the ogre.
The ogre is heavily wounded.
You bite the ogre!
The ogre looks even sicker.
The ogre is almost dead.
The ogre hits you with a giant spiked club!!
Ouch! That really hurt!
You die...

##.#..###....... #
########..#......#####.# #
#.....)..##...#### #.## ######
#........##.....######..####.....
#........#.......................
########.......#..#####.###......
#)........###.### #.###......
##.####.....##...###..##......
#...........Os.....##.##......
#######....#####...##(########
#.......###.<..........
#....##............####
#....########......... ######
##########


You could see an ogre.

Vanquished Creatures
  5 adders (D:2)
  2 oozes
  2 worms (D:2)
  3 dart slugs
  7 orcs (D:3)
  5 bats
  5 giant cockroaches
  15 goblins
  15 hobgoblins
  3 jackals (D:2)
  2 quokkas (D:3)
  A ball python (D:2)
  8 frilled lizards
  10 kobolds
  6 rats
89 creatures vanquished.

Notes
Turn   | Place    | Note
-------+----------+-------------------------------------------
     0 | D:1      | Kidiri the Demonspawn Transmuter began the quest for the Orb.
     0 | D:1      | Reached XP level 1. HP: 15/15 MP: 3/3
   265 | D:1      | Gained mutation: You have sharp fingernails. [demonic ancestry]
   265 | D:1      | Reached XP level 2. HP: 21/21 MP: 5/5
   269 | D:1      | Learned a level 2 spell: Sticks to Snakes
   788 | D:1      | Reached XP level 3. HP: 18/26 MP: 4/6
   795 | D:1      | Learned a level 3 spell: Spider Form
  1343 | D:2      | HP: 1/26 [poisoned by an adder]
  1983 | D:2      | Reached XP level 4. HP: 18/32 MP: 5/7
  2228 | D:2      | Found a shimmering altar of Xom.
  2466 | D:2      | Found a basalt altar of Yredelemnul.
  3022 | D:3      | Reached skill level 1 in Poison Magic
  3118 | D:3      | Gained mutation: You have very sharp fingernails. [demonic ancestry]
  3118 | D:3      | Reached XP level 5. HP: 20/38 MP: 8/8
  3672 | D:3      | Noticed an ogre
  3689 | D:3      | Mangled by an ogre

Vault maps used:
D:1:      dpeg_arrival_rooms_a
D:2:      kennysheep_the_goblin_king, xom_teletrap_fun, lemuel_doored_altar,
          first_bread

Skill      XL: |  1  2  3  4 |
---------------+-------------+-----
Transmutations | 2 3 |  3.2
Dodging        | 2 |  2.2
Unarmed Combat | 3 |  3.6
Poison Magic   | 1 |  1.2
Fighting       | |  1.7
Spellcasting   | |  2.3

Action                   |  1- 3 |  4- 6 || total
-------------------------+-------+-------++-------
Melee: Unarmed           |   117 |   158 ||   275
       Kick              |     4 |     8 ||    12
       Punch             |     1 |     4 ||     5
       Headbutt          |     3 |     1 ||     4
 Cast: Beastly Appendage |    12 |    10 ||    22
       Spider Form       |       |     1 ||     1
  Use: Scroll            |     3 |     7 ||    10
 Stab: Sleeping          |       |     2 ||     2
  Eat: Chunk             |     2 |     6 ||     8
       Royal jelly       |     1 |       ||     1
Armor: Robe              |    11 |    37 ||    48
Dodge: Dodged            |    57 |    78 ||   135
